EVO
UNIVERSITY OF TORONTO MARLIES @ STANFORD UNIVERSITY CARDINAL
07/30/2046
 
TOP OF THE 1ST
University of Toronto Marlies batting - Pitching for Stanford University Cardinal : RHP George Leroux
Pitching: RHP George Leroux
Batting: LHB Ian Strickland 0-0: Ball
1-0: Ball
2-0: Called Strike
2-1: Ball
3-1: Foul Ball, location: 2F
3-2: Base on Balls
Batting: RHB Chris Anthony 0-0: Swinging Strike
0-1: Ball
1-1: Ball
2-1: Fly out, F8 (Flyball, 8LD, EV 103.8 MPH)
Batting: RHB Frank Pena 0-0: Called Strike
0-1: Called Strike
0-2: Strikes out swinging
Batting: LHB Vincent Whittick 0-0: Called Strike
0-1: Fly out, F8 (Flyball, 8RS, EV 90.0 MPH)
Top of the 1st over - 0 runs, 0 hits, 0 errors, 1 left on base; University of Toronto 0 - Stanford University 0
BOTTOM OF THE 1ST
Stanford University Cardinal batting - Pitching for University of Toronto Marlies : RHP Du Kong
Pitching: RHP Du Kong
Batting: RHB Troy Bush 0-0: Ball
1-0: Ball
2-0: Foul Ball, location: 2F
2-1: SINGLE (Line Drive, 56D, EV 98.8 MPH)
Batting: RHB Trent Spivey 0-0: Foul Ball, location: 2F
0-1: Foul Ball, location: 2F
0-2: Ball
1-2: Ball
2-2: Strikes out looking
Batting: RHB Guillermo Puente 0-0: Ball
Wild Pitch!
Troy Bush to second
1-0: Called Strike
1-1: 2-RUN HOME RUN (Line Drive, 9LD, EV 99.4 MPH), Distance : 366 ft
Batting: RHB Ben Bailey 0-0: Ball
1-0: Ball
2-0: Called Strike
2-1: Foul Ball, location: 2F
2-2: Fly out, F9 (Flyball, 9, EV 87.5 MPH)
Batting: LHB Chien Sam 0-0: SINGLE (Groundball, 4MD, EV 108.8 MPH)
Batting: RHB Josh Benefield 0-0: Ball
1-0: Ball
2-0: Foul Ball, location: 2F
2-1: Ball
3-1: Swinging Strike
3-2: Base on Balls
Chien Sam to second
Batting: RHB Luis Cabera 0-0: Ball
1-0: Fly out, F7 (Flyball, 7S, EV 86.2 MPH)
Bottom of the 1st over - 2 runs, 3 hits, 0 errors, 2 left on base; University of Toronto 0 - Stanford University 2
TOP OF THE 2ND
University of Toronto Marlies batting - Pitching for Stanford University Cardinal : RHP George Leroux
Batting: RHB Jose Villanueva 0-0: Fly out, F7 (Flyball, 78D, EV 101.9 MPH)
Batting: RHB Ricky Avila 0-0: Ball
1-0: Ball
2-0: Foul Ball, location: 2F
2-1: Fly out, F8 (Line Drive, 8LD, EV 84.4 MPH)
Batting: LHB Alfonso Escalante 0-0: Ball
1-0: Called Strike
1-1: Swinging Strike
1-2: Ball
2-2: Ball
3-2: Fly out, F8 (Flyball, 8RXD, EV 93.1 MPH)
Top of the 2nd over - 0 runs, 0 hits, 0 errors, 0 left on base; University of Toronto 0 - Stanford University 2
BOTTOM OF THE 2ND
Stanford University Cardinal batting - Pitching for University of Toronto Marlies : RHP Du Kong
Batting: RHB Jose Garduno 0-0: Foul Ball, location: 2F
0-1: Ground out 5-3 (Groundball, 56, EV 101.9 MPH)
Batting: LHB Terry Bayer 0-0: Foul Ball, location: 2F
0-1: Called Strike
0-2: Ball
1-2: SINGLE (Line Drive, 8RS, EV 105.0 MPH)
Batting: RHB Troy Bush 0-0: Fly out, F8 (Flyball, 8RD, EV 101.9 MPH)
Batting: RHB Trent Spivey 0-0: Ball
1-0: Ball
2-0: Ball
3-0: Called Strike
3-1: Base on Balls
Terry Bayer to second
Batting: RHB Guillermo Puente 0-0: SINGLE (Line Drive, 3D, EV 94.4 MPH)
Terry Bayer to third
Trent Spivey to second
Runner from 3rd tries for Home, SAFE, throw by RF to home
Batting: RHB Ben Bailey 0-0: SINGLE (Groundball, 6MD, EV 108.1 MPH)
Trent Spivey to third
Guillermo Puente to second
Runner from 3rd tries for Home, SAFE, throw by CF to home
Batting: LHB Chien Sam 0-0: Called Strike
0-1: Ball
1-1: Foul Ball, location: 2F
1-2: Ball
2-2: Fly out, F6 (Popup, 6M, EV 55.0 MPH)
Bottom of the 2nd over - 2 runs, 3 hits, 0 errors, 2 left on base; University of Toronto 0 - Stanford University 4
TOP OF THE 3RD
University of Toronto Marlies batting - Pitching for Stanford University Cardinal : RHP George Leroux
Batting: SHB Kent Worboys 0-0: Called Strike
0-1: Fly out, F9 (Flyball, 9, EV 87.5 MPH)
Batting: RHB Quentin Howland 0-0: SINGLE (Line Drive, 8LS, EV 92.5 MPH)
Batting: LHB Ian Strickland 0-0: Ball
1-0: Ball
Quentin Howland steals 2nd base
2-0: Ball
3-0: Called Strike
3-1: Swinging Strike
3-2: Fly out, F8 (Flyball, 8RXD, EV 101.2 MPH)
Runner from 2nd tags up, SAFE at 3rd, no throw by CF
Batting: RHB Chris Anthony 0-0: Ball
1-0: Fly out, F8 (Flyball, 8RD, EV 103.8 MPH)
Top of the 3rd over - 0 runs, 1 hit, 0 errors, 1 left on base; University of Toronto 0 - Stanford University 4
BOTTOM OF THE 3RD
Stanford University Cardinal batting - Pitching for University of Toronto Marlies : RHP Du Kong
Batting: RHB Josh Benefield 0-0: Ball
1-0: SINGLE (Line Drive, 7LS, EV 95.0 MPH)
Batting: RHB Luis Cabera 0-0: Called Strike
0-1: Swinging Strike
0-2: Ball
1-2: Fly out, F7 (Flyball, 78M, EV 93.8 MPH)
Batting: RHB Jose Garduno 0-0: Ball
1-0: Ball
2-0: Ball
3-0: Called Strike
Balk!
Josh Benefield to second
3-1: Base on Balls
Batting: LHB Terry Bayer 0-0: Ball
1-0: Fly out, F8 (Flyball, 8RD, EV 96.9 MPH)
Runner from 2nd tags up, SAFE at 3rd with throw by CF
Pinch Hitting: RHB Soichi Kaneshiro 0-0: Ball
1-0: Swinging Strike
1-1: Foul Ball, location: 2F
1-2: DOUBLE (Line Drive, 9LS, EV 111.9 MPH)
Josh Benefield scores
Jose Garduno to third
Runner from 3rd tries for Home, SAFE, no throw by RF
Pitching: RHP D.J. Bryant
Batting: RHB Trent Spivey 0-0: Called Strike
0-1: Ball
1-1: 2-RUN HOME RUN (Flyball, 7LD, EV 95.0 MPH), Distance : 370 ft
Pinch Hitting: RHB Joe Gabriel 0-0: Called Strike
0-1: Foul Ball, location: 2F
0-2: Ball
1-2: Ball
2-2: Ground out 6-3 (Groundball, 6, EV 100.0 MPH)
Bottom of the 3rd over - 4 runs, 3 hits, 0 errors, 0 left on base; University of Toronto 0 - Stanford University 8
TOP OF THE 4TH
University of Toronto Marlies batting - Pitching for Stanford University Cardinal : RHP George Leroux
Now in LF: Joe Gabriel
Now in CF: Terry Bayer
Now in RF: Soichi Kaneshiro
Batting: RHB Frank Pena 0-0: Called Strike
0-1: Ball
1-1: Fly out, F8 (Flyball, 8LXD, EV 104.4 MPH)
Batting: LHB Vincent Whittick 0-0: Ball
1-0: Ball
2-0: Ground out 5-3 (Groundball, 56, EV 108.8 MPH)
Batting: RHB Jose Villanueva 0-0: Called Strike
0-1: Fly out, F6 (Line Drive, 6D, EV 69.4 MPH)
Top of the 4th over - 0 runs, 0 hits, 0 errors, 0 left on base; University of Toronto 0 - Stanford University 8
BOTTOM OF THE 4TH
Stanford University Cardinal batting - Pitching for University of Toronto Marlies : RHP D.J. Bryant
Pinch Hitting: SHB Nathan Clement 0-0: Ball
1-0: Foul Ball, location: 2F
1-1: Foul Ball, location: 2F
1-2: Ball
2-2: Ball
3-2: Fly out, F5 (Popup, 25F, EV 86.9 MPH)
Batting: LHB Chien Sam 0-0: Called Strike
0-1: Called Strike
0-2: Ball
1-2: Ball
2-2: Ball
3-2: Fly out, F6 (Line Drive, 6, EV 66.9 MPH)
Batting: RHB Josh Benefield 0-0: Swinging Strike
0-1: Ball
1-1: Foul Ball, location: 2F
1-2: Strikes out swinging
Bottom of the 4th over - 0 runs, 0 hits, 0 errors, 0 left on base; University of Toronto 0 - Stanford University 8
TOP OF THE 5TH
University of Toronto Marlies batting - Pitching for Stanford University Cardinal : RHP George Leroux
Now at C: Joe Nelson
Now at 1B: Paul Martel
Batting: RHB Ricky Avila 0-0: Ball
1-0: Ball
2-0: Swinging Strike
2-1: Ground out 6-3 (Groundball, 6S, EV 89.4 MPH)
Batting: LHB Alfonso Escalante 0-0: Ball
1-0: Ball
2-0: Fly out, F8 (Flyball, 8LD, EV 85.0 MPH)
Batting: SHB Kent Worboys 0-0: Ball
1-0: Swinging Strike
1-1: Foul Ball, location: 2F
1-2: Foul Ball, location: 2F
1-2: Ball
2-2: Fly out, F7 (Line Drive, 78M, EV 106.9 MPH)
Top of the 5th over - 0 runs, 0 hits, 0 errors, 0 left on base; University of Toronto 0 - Stanford University 8
BOTTOM OF THE 5TH
Stanford University Cardinal batting - Pitching for University of Toronto Marlies : RHP D.J. Bryant
Now at C: Brad Baldwin
Now at 1B: Justin Chapman
Batting: LHB Bryan Davidson 0-0: Ball
1-0: Fly out, F9 (Line Drive, 9, EV 91.9 MPH)
Batting: RHB Jose Garduno 0-0: Foul Ball, location: 2F
0-1: Ground out 4-3 (Groundball, 4, EV 86.9 MPH)
Batting: LHB Terry Bayer 0-0: Ball
1-0: Called Strike
1-1: Foul Ball, location: 2F
1-2: Foul Ball, location: 2F
1-2: Foul Ball, location: 2F
1-2: Foul Ball, location: 2F
1-2: Foul Ball, location: 2F
1-2: Foul Ball, location: 2F
1-2: SINGLE (Groundball, 15S, EV 75.6 MPH) (infield hit)
Batting: RHB Soichi Kaneshiro 0-0: Called Strike
0-1: Ball
1-1: Called Strike
1-2: Foul Ball, location: 2F
1-2: Ball
2-2: Ball
3-2: Foul Ball, location: 2F
3-2: Foul Ball, location: 2F
3-2: Base on Balls
Terry Bayer to second
Pinch Hitting: RHB Willie Carmona 0-0: Ground out 5-3 (Groundball, 56S, EV 78.8 MPH)
Bottom of the 5th over - 0 runs, 1 hit, 0 errors, 2 left on base; University of Toronto 0 - Stanford University 8
TOP OF THE 6TH
University of Toronto Marlies batting - Pitching for Stanford University Cardinal : RHP George Leroux
Now at 2B: Kazumi Inouye
Now at 3B: Willie Carmona
Batting: RHB Quentin Howland 0-0: Called Strike
0-1: Fly out, F9 (Flyball, 9, EV 81.9 MPH)
Pinch Hitting: LHB Martin Koka 0-0: Ball
1-0: Called Strike
1-1: Foul Ball, location: 2F
1-2: Foul Ball, location: 2F
1-2: Ground out 1-3 (Groundball, 23, EV 62.5 MPH)
Pinch Hitting: RHB Nathaniel Adderley 0-0: Ball
1-0: Fly out, F8 (Flyball, 8RD, EV 93.8 MPH)
Top of the 6th over - 0 runs, 0 hits, 0 errors, 0 left on base; University of Toronto 0 - Stanford University 8
BOTTOM OF THE 6TH
Stanford University Cardinal batting - Pitching for University of Toronto Marlies : RHP D.J. Bryant
Pitching: LHP Jordan Medina
Now in LF: Martin Koka
Now in CF: Nathaniel Adderley
Batting: RHB Joe Gabriel 0-0: Ball
1-0: Called Strike
1-1: Foul Ball, location: 2F
1-2: Strikes out swinging
Batting: LHB Paul Martel 0-0: Foul Ball, location: 2F
0-1: TRIPLE (Flyball, 78XD, EV 111.9 MPH)
Batting: RHB Joe Nelson 0-0: Foul Ball, location: 2F
0-1: Foul Ball, location: 2F
0-2: Ball
1-2: Foul Ball, location: 2F
1-2: Strikes out swinging
Pinch Hitting: RHB Gong-sun Law 0-0: Ball
1-0: Called Strike
1-1: Ball
2-1: Swinging Strike
2-2: Strikes out swinging
Bottom of the 6th over - 0 runs, 1 hit, 0 errors, 1 left on base; University of Toronto 0 - Stanford University 8
TOP OF THE 7TH
University of Toronto Marlies batting - Pitching for Stanford University Cardinal : RHP George Leroux
Pitching: LHP Marco Mendez
Now at 2B: Gong-sun Law
Now at SS: Kazumi Inouye
Batting: LHB Brad Baldwin 0-0: Ball
1-0: Fly out, F4 (Line Drive, 4M, EV 68.8 MPH)
Pinch Hitting: RHB Jon Lopez 0-0: Called Strike
0-1: Ball
1-1: Foul Ball, location: 2F
1-2: Ball
2-2: Strikes out swinging
Pinch Hitting: SHB Gary Woodroffe 0-0: Ball
1-0: Fly out, F8 (Flyball, 8RM, EV 87.5 MPH)
Top of the 7th over - 0 runs, 0 hits, 0 errors, 0 left on base; University of Toronto 0 - Stanford University 8
BOTTOM OF THE 7TH
Stanford University Cardinal batting - Pitching for University of Toronto Marlies : LHP Jordan Medina
Now at 1B: Jiong Qi
Now at 3B: Gary Woodroffe
Now in RF: Roger Shearing
Batting: RHB Rade Mamula 0-0: Foul Ball, location: 2F
0-1: Ball
1-1: Swinging Strike
1-2: Foul Ball, location: 2F
1-2: Foul Ball, location: 2F
1-2: Foul Ball, location: 2F
1-2: Foul Ball, location: 2F
1-2: Ball
2-2: Ball
3-2: Fly out, F3 (Line Drive, 3, EV 60.6 MPH)
Batting: RHB Kazumi Inouye 0-0: Ground out 5-3 (Groundball, 5L, EV 89.4 MPH)
Pinch Hitting: SHB Danny Gallegos 0-0: Ball
1-0: Ball
2-0: Ball
3-0: Called Strike
3-1: Foul Ball, location: 2F
3-2: Strikes out swinging
Bottom of the 7th over - 0 runs, 0 hits, 0 errors, 0 left on base; University of Toronto 0 - Stanford University 8
TOP OF THE 8TH
University of Toronto Marlies batting - Pitching for Stanford University Cardinal : LHP Marco Mendez
Pitching: RHP Kyle Cannon
Now in CF: Danny Gallegos
Batting: RHB Ricky Avila 0-0: Fly out, F7 (Line Drive, 78M, EV 93.8 MPH)
Pinch Hitting: RHB Robby Arce 0-0: Foul Ball, location: 2F
0-1: Ball
1-1: Ground out 6-3 (Groundball, 6M, EV 102.5 MPH)
Batting: RHB Andy Riggs 0-0: Ball
1-0: SINGLE (Groundball, 34D, EV 95.6 MPH)
Pinch Hitting: RHB Shi-fu Cuan 0-0: Ball
1-0: Ball
2-0: Called Strike
2-1: Swinging Strike
2-2: Strikes out swinging
Top of the 8th over - 0 runs, 1 hit, 0 errors, 1 left on base; University of Toronto 0 - Stanford University 8
BOTTOM OF THE 8TH
Stanford University Cardinal batting - Pitching for University of Toronto Marlies : LHP Jordan Medina
Pitching: RHP Elvis Calderon
Now at 2B: Robby Arce
Now at SS: Shi-fu Cuan
Now in RF: Ricky Avila
Pinch Hitting: RHB Lião Weishampt 0-0: Ball
1-0: Ball
2-0: Swinging Strike
2-1: Foul Ball, location: 2F
2-2: Ball
3-2: SOLO HOME RUN (Flyball, 78XD, EV 110.0 MPH), Distance : 438 ft
Pinch Hitting: SHB Thad Shearing 0-0: SOLO HOME RUN (Flyball, 9D, EV 95.0 MPH), Distance : 384 ft
Pinch Hitting: RHB Marco Morales 0-0: Foul Ball, location: 2F
0-1: Ball
1-1: Foul Ball, location: 2F
1-2: Foul Ball, location: 2F
1-2: Ball
2-2: Ball
3-2: Strikes out swinging
Batting: LHB Paul Martel 0-0: Ball
1-0: Foul Ball, location: 2F
1-1: Fly out, F8 (Flyball, 8LD, EV 87.5 MPH)
Batting: RHB Joe Nelson 0-0: Ball
1-0: Swinging Strike
1-1: Ball
2-1: Ball
3-1: Fly out, F7 (Flyball, 7D, EV 85.6 MPH)
Bottom of the 8th over - 2 runs, 2 hits, 0 errors, 0 left on base; University of Toronto 0 - Stanford University 10
TOP OF THE 9TH
University of Toronto Marlies batting - Pitching for Stanford University Cardinal : RHP Kyle Cannon
Now at 3B: Thad Shearing
Now in LF: Marco Morales
Now in RF: Lião Weishampt
Batting: LHB Martin Koka 0-0: Ball
1-0: Ball
2-0: Ground out 4-3 (Groundball, 34, EV 88.1 MPH)
Pinch Hitting: LHB Jose Gonzalez 0-0: Swinging Strike
0-1: Ball
1-1: Ball
2-1: Ball
3-1: Base on Balls
Batting: LHB Brad Baldwin 0-0: Swinging Strike
0-1: Ball
1-1: SINGLE (Flyball, 89S, EV 91.9 MPH)
Jose Gonzalez to second
Batting: SHB Jiong Qi 0-0: Called Strike
0-1: Ball
1-1: Swinging Strike
1-2: Foul Ball, location: 2F
1-2: Ball
2-2: Strikes out swinging
Batting: SHB Gary Woodroffe 0-0: Called Strike
0-1: Called Strike
0-2: Strikes out swinging
Top of the 9th over - 0 runs, 1 hit, 0 errors, 2 left on base; University of Toronto 0 - Stanford University 10
Tuesday, September 13th , 2022 - OOTP Baseball 23.7 Build 88